 Dungeon Crawl Stone Soup version 0.30-a0-393-g54b8e3be05 (webtiles) character file.

Game seed: 13195304450508571121

3074 kae the Transmogrifier (level 9, 0/76 HPs)
             Began as a Black Draconian Transmuter on Dec 5, 2022.
             Was an Initiate of Ru.
             Slain by a hornet (6 damage)
             ... on level 8 of the Dungeon on Dec 6, 2022.
             The game lasted 00:09:42 (7620 turns).

kae the Transmogrifier (Black Draconian Transmuter) Turns: 7620, Time: 00:09:43

Health: 0/76       AC: 12    Str: 12    XL:     9   Next: 58%
Magic:  0/17       EV: 14    Int: 17    God:    Ru [......]
Gold:   396        SH:  0    Dex: 13    Spells: 8/18 levels left

rFire   x . .      SeeInvis .      - Unarmed
rCold   + + +      Faith    .    (shield currently unavailable)
rNeg    . . .      Spirit   +    (body armour unavailable)
rPois   +          Reflect  .    (helmet currently unavailable)
rElec   .          Harm     .    (cloak currently unavailable)
rCorr   .          Rampage  .    (gloves currently unavailable)
Will    .....                    (boots currently unavailable)
Stlth   +.........               G - amulet of guardian spirit
HPRegen 0.32/turn                O - +4 ring of protection
MPRegen 0.15/turn                E - +4 ring of evasion

@: ice-form
A: freezing attack, amphibious, boosted hp, (breathe lightning), AC +7, large,
unfitting armour, (electricity resistance), (cold-blooded)
a: End Transformation, Renounce Religion, Sacrifice Experience, Sacrifice Drink,
Sacrifice Stealth, Reject Sacrifices


You were on level 8 of the Dungeon.
You worshipped Ru.
Ru was noncommittal.
You were a creature of crystalline ice.
You visited 2 branches of the dungeon, and saw 9 of its levels.
You also visited: Sewer.

You collected 396 gold pieces.


Innate Abilities, Weirdness & Mutations

You are a creature of crystalline ice.
You have a powerful freezing melee attack.
You are amphibious.
Your maximum health is increased.
Your armour is entirely melded.
You are incapable of wielding weapons or throwing items.
((You can breathe wild blasts of lightning.))
((Your glossy black scales are hard. (AC +7)))
You cannot fit into any form of body armour.
((You are resistant to electric shocks. (rElec)))
((You are cold-blooded and may be slowed by cold attacks.))


   Skills:
 + Level 1.4 Fighting
 + Level 2.0 Dodging
 * Level 6.3 Unarmed Combat
 + Level 5.4 Spellcasting
 * Level 8.3 Transmutations
 - Level 6.3 Ice Magic
 - Level 3.0 Poison Magic


You had 8 spell levels left.
You knew the following spells:

 Your Spells              Type           Power      Damage    Failure   Level
a - Beastly Appendage     Tmut           64%        N/A       1%          1
b - Wereblood             Tmut           32%        N/A       1%          2
c - Spider Form           Tmut/Pois      23%        N/A       4%          3
d - Ice Form              Ice/Tmut       29%        N/A       7%          4

Your spell library contained the following spells:

 Spells                   Type           Power      Damage    Failure   Level
 Magic Dart               Conj           16%        1d3       14%         1
 Call Imp                 Summ           4%         N/A       21%         2
 Mephitic Cloud           Conj/Pois/Air  8%         N/A       26%         3
 Call Canine Familiar     Summ           4%         N/A       38%         3
 Portal Projectile        Hex/Tloc       8%         N/A       38%         3
 Leda's Liquefaction      Hex/Erth       2%         N/A       80%         4
 Passage of Golubria      Tloc           4%         N/A       80%         4
 Silence                  Hex/Air        2%         N/A       98%         5
 Summon Forest            Summ/Tloc      2%         N/A       98%         5
 Summon Mana Viper        Hex/Summ       4%         N/A       98%         5
 Summon Cactus Giant      Summ           2%         N/A       100%        6
 Lehudib's Crystal Spear  Conj/Erth      2%         10d2      100%        8

Inventory:

Missiles
 e - 45 stones
 o - 7 boomerangs
 u - 2 poisoned darts
 y - a throwing net {=f!f}
 B - 3 curare-tipped darts {=f}
Armour
 A - a +0 cloak (melded)
   (You found it on level 5 of the Dungeon)
Jewellery
 E - a +4 ring of evasion (right front paw)
   (You found it on level 4 of the Dungeon)
 G - an amulet of guardian spirit (around neck)
   (You found it on level 1 of the Dungeon)
 O - a +4 ring of protection (left front paw)
   (You found it on level 1 of the Dungeon)
 P - a ring of poison resistance
   (You found it on level 5 of the Dungeon)
 S - a +6 ring of strength
   (You found it on level 4 of the Dungeon)
 W - a ring of magical power
   (You found it on level 5 of the Dungeon)
Wands
 h - a wand of flame (11)
   (You found it on level 4 of the Dungeon)
 q - a wand of mindburst (14)
   (You found it on level 3 of the Dungeon)
 w - a wand of iceblast (4)
   (You found it on level 5 of the Dungeon)
Scrolls
 c - 5 scrolls of magic mapping {!r}
 d - a scroll of blinking {!r}
 f - a scroll of immolation {!r!r}
 i - 3 scrolls of teleportation {@r4}
 k - a scroll of poison {!r}
 z - 2 scrolls of amnesia
Potions
 a - a potion of lignification {!q}
 b - a potion of mutation {!q}
 g - 3 potions of curing {unknown}
 j - a potion of degeneration {unknown}
 l - a potion of resistance
 m - 2 potions of heal wounds {@q2}
 n - 4 potions of haste {@q3}
 p - a potion of magic
 r - a potion of cancellation {unknown}
 s - 2 potions of invisibility {unknown}
 t - a potion of might {unknown}
 v - a potion of attraction {unknown}
 x - a potion of flight

Dungeon Overview and Level Annotations

Branches:
Dungeon (8/15) Zot: 26989  Temple (1/1) D:5 Zot: 5929   Sewer (visited)
   Lair: D:8-11

Altars:
Ashenzari
Cheibriados
Dithmenos
Elyvilon
Fedhas
Gozag
Makhleb
Nemelex Xobeh
Qazlal
Ru
Sif Muna
Trog
Uskayaw
Wu Jian
Xom
Yredelemnul
Zin
The Shining One

Shops:
D:1 *   D:4 (

Annotations:
D:5 exclusion: 3 doors
D:6 3 runed translucent doors, vineage's ghost, novice OgFi
D:7 2 runed translucent doors

.......
.......
.......
?......
.......
.......###
.......O<#
...."..Yy#
............#
#####.####..#
... ..# ...
## ..##. . #


You could see a two-headed ogre and a hornet.


Message History

Your Dodging skill increases to level 2!
Key pressed, stopping explore.
No target in view!
No target in view! 😎 HP[+2] MP[+4]
Your hp is fully restored (76).
Your mp is fully restored (17).
A jelly comes into view.
The jelly quivers.
A jelly is nearby!
Unknown command.
A jelly is nearby!
A jelly is nearby!
The jelly hits you but does no damage.
You punch the jelly! You freeze the jelly.
Your front paws burn! 😕 HP[-5]
You take 5 damage, and now have 71/76 hp.
A jelly is nearby!
A jelly is nearby!
You hit the jelly. You freeze the jelly.
You kill the jelly!
No target in view!
Your transformation is almost over.
You warm up again.
Your +0 cloak unmelds from your body.
Key pressed, stopping explore.
Found a stone staircase leading down. 😎 HP[-7]
You now have 64 max hp (-12).
Unknown command.
Found an escape hatch in the floor.
You open the door.
There is an open door here.
Could not explore, unopened runed door.
Could not explore, unopened runed door.
Could not explore, unopened runed door.
Okay, then.
Okay, then.
(D) Dungeon (T) Temple
Where to? (Enter - D:7, ? - help)
You open the door.
There is an open door here.
There is a stone staircase leading down here.
You climb downwards.
There is a stone staircase leading up here.
Okay, then.
A two-headed ogre comes into view.
It is wielding two +0 giant spiked clubs.
The two-headed ogre shouts in stereo!
You hear an angry buzzing noise.
A two-headed ogre is nearby!
A two-headed ogre is nearby!
Unknown command.
Casting: Ice Form (dangerous; 7% risk of failure)
Confirm with . or Enter, or press ? or * to list all spells.
You turn into a creature of crystalline ice.
Your +0 cloak melds into your body.
A hornet comes into view.
The hornet closely misses you. 😎 HP[+12] MP[-4]
You now have 76 max hp (+12).
Your hp is fully restored (76).
You lost 4 mp, and now have 13/17 mp.
You punch the two-headed ogre! You freeze the two-headed ogre.
The hornet stings you but does no damage.
You punch the two-headed ogre! You freeze the two-headed ogre.
The hornet barely misses you.
The two-headed ogre hits you with a +0 giant spiked club!!
The two-headed ogre misses you.
The hornet stings you but does no damage. 😕 HP[-17] MP[-3]
You take 17 damage, and now have 59/76 hp.
MASSIVE DAMAGE!! (PAUSE)
You lost 3 mp, and now have 10/17 mp.
You hit the two-headed ogre but do no damage.
The hornet stings you!
You suddenly lose the ability to move!
The two-headed ogre hits you with a +0 giant spiked club!!
* * * LOW HITPOINT WARNING * * *
The two-headed ogre hits you with a +0 giant spiked club.
* * * LOW HITPOINT WARNING * * *
The hornet stings you but does no damage.
The hornet stings you.
* * * LOW HITPOINT WARNING * * *
You feel yourself slow down.
The two-headed ogre hits you with a +0 giant spiked club!!
* * * LOW HITPOINT WARNING * * *
The two-headed ogre hits you with a +0 giant spiked club.
* * * LOW HITPOINT WARNING * * *
The hornet stings you but does no damage.
You can move again. 😱 HP[-53] MP[-9]
You take 53 damage, and now have 6/76 hp.
MASSIVE DAMAGE!! (PAUSE)
You lost 9 mp, and now have 1/17 mp.
You punch the two-headed ogre! You freeze the two-headed ogre!
You feel yourself speed up.
The hornet stings you but does no damage.
The hornet misses you. The two-headed ogre barely misses you.
The two-headed ogre closely misses you.
Unknown command.
Unknown command.
You hit the two-headed ogre but do no damage.
The hornet stings you!
You die...

Skill      XL: |  1  2  3  4  5  6  7  8  9 |
---------------+----------------------------+-----
Transmutations | 3 4 5 7 8 |  8.3
Poison Magic   | 1 2 3 |  3.0
Spellcasting   | 3 4 5 |  5.4
Unarmed Combat | 4 5 6 |  6.3
Ice Magic      | 1 3 5 6 |  6.3
Dodging        | 2 |  2.0
Fighting       | |  1.4

Action                   |  1- 3 |  4- 6 |  7- 9 || total
-------------------------+-------+-------+-------++-------
Melee: Unarmed           |   115 |   247 |   253 ||   615
       Tailslap          |    12 |    16 |     5 ||    33
       Kick              |    11 |    26 |     7 ||    44
       Headbutt          |     4 |    22 |     3 ||    29
       Punch             |     1 |     1 |     2 ||     4
 Cast: Beastly Appendage |    13 |    22 |     4 ||    39
       Spider Form       |     1 |     8 |    12 ||    21
       Wereblood         |     1 |     2 |     1 ||     4
       Ice Form          |       |       |    18 ||    18
 Abil: Breathe Lightning |       |       |     1 ||     1
       End Transformatio |       |       |     1 ||     1
  Use: Potion            |       |     1 |       ||     1
       Scroll            |       |    10 |     9 ||    19
 Stab: Sleeping          |       |     2 |       ||     2
Armor: Skin              |    38 |    65 |    73 ||   176
Dodge: Dodged            |    76 |   183 |   192 ||   451

Levels and vault maps discovered:
D:1:      dpeg_arrival_round_a, layout_basic, serial_shops,
          nicolae_shop_overgrown_old_shop
D:2:      layout_basic, chequers_ecumenical_altar_twisty,
          kennysheep_generic_room_2
D:3:      layout_basic, kennysheep_generic_room_5
D:4:      layout_basic, mainiacjoe_overflow_surrounded_room, serial_shops,
          nicolae_inconvenience_store, portal_sewer_entry_d,
          chequers_serial_rivers_micro_b, kennysheep_decorative_pillar,
          due_unseen_surprise
D:5:      minmay_bubble_buster, layout_basic, minmay_temple_entry_mist,
          hangedman_decor_lopped
D:6:      layout_cave_pools, overflow_temple_1_default,
          ebering_ghost_rock_garden, serial_park_tiny_pond, minmay_pentangle
D:7:      layout_loops_cross, jmf_multi_god_temple2
D:8:      layout_cave_pools
Temple:   nicolae_temple_x_marks_the_god

Notes
Turn   | Place    | Note
-------+----------+-------------------------------------------
     0 | D:1      | kae the Draconian Transmuter began the quest for the Orb.
     0 | D:1      | Reached XP level 1. HP: 16/16 MP: 3/3
     0 | D:1      | magus.rc [v1.11.3]
   187 | D:1      | Found Meth's Assorted Antiques.
   227 | D:1      | Reached XP level 2. HP: 22/23 MP: 3/5
   329 | D:1      | You pick up a book of the Wilderness and begin reading...
   329 | D:1      | You add the spells Summon Forest, Summon Mana Viper and
                  | Summon Cactus Giant to your library.
   345 | D:1      | magus.rc [v1.11.3]
   395 | D:1      | Learned a level 2 spell: Wereblood
   723 | D:1      | Reached XP level 3. HP: 28/28 MP: 6/6
   762 | D:2      | Learned a level 3 spell: Spider Form
   951 | D:2      | Reached skill level 3 in Transmutations
  1248 | D:2      | Found a faded altar of an unknown god.
  1399 | D:2      | Reached skill level 1 in Poison Magic
  1399 | D:2      | Reached XP level 4. HP: 33/35 MP: 1/7
  1859 | D:3      | Reached XP level 5. HP: 40/40 MP: 7/9
  1888 | D:3      | Reached skill level 2 in Poison Magic
  2118 | D:3      | Reached skill level 4 in Transmutations
  2431 | D:3      | Reached skill level 3 in Spellcasting
  2553 | D:3      | Reached XP level 6. HP: 47/47 MP: 4/10
  2562 | D:3      | Reached skill level 4 in Unarmed Combat
  2943 | D:4      | Reached skill level 3 in Poison Magic
  2980 | D:4      | Learned a level 4 spell: Ice Form
  3045 | D:4      | You pick up a book of the Hunter and begin reading...
  3045 | D:4      | You add the spells Call Canine Familiar, Portal Projectile
                  | and Leda's Liquefaction to your library.
  3122 | D:4      | Reached skill level 1 in Ice Magic
  3173 | D:4      | Found Gekk's Weapon Emporium.
  3288 | D:4      | Found a glowing drain.
  3302 | Sewer    | Entered a sewer
  3499 | Sewer    | Noticed Pargi
  3512 | Sewer    | Killed Pargi
  3513 | Sewer    | Your scales start taking on a glossy black colour.
  3513 | Sewer    | Reached XP level 7. HP: 46/52 MP: 8/12
  3513 | Sewer    | Gained mutation: You are resistant to electric shocks.
                  | (rElec) [Black Draconian growth]
  4002 | D:4      | Reached skill level 5 in Transmutations
  4002 | D:4      | Reached skill level 2 in Ice Magic
  4026 | D:4      | Found a burning altar of Makhleb.
  4364 | D:5      | Entered Level 5 of the Dungeon
  4442 | D:5      | Reached skill level 3 in Ice Magic
  4559 | D:5      | Found a staircase to the Ecumenical Temple.
  4654 | Temple   | Entered the Ecumenical Temple
  4718 | Temple   | Became a worshipper of Ru the Awakened
  4818 | D:5      | Reached XP level 8. HP: 59/59 MP: 7/13
  4940 | D:5      | Reached skill level 4 in Spellcasting
  4940 | D:5      | Reached skill level 6 in Transmutations
  4944 | D:5      | Reached skill level 4 in Ice Magic
  5085 | D:5      | Reached skill level 5 in Unarmed Combat
  5188 | D:5      | Noticed a komodo dragon
  5754 | D:6      | You pick up a book of Minor Magic and begin reading...
  5754 | D:6      | You add the spells Magic Dart, Call Imp and Mephitic Cloud
                  | to your library.
  5881 | D:6      | Reached skill level 5 in Ice Magic
  5914 | D:6      | Reached skill level 7 in Transmutations
  6165 | D:6      | Reached XP level 9. HP: 64/64 MP: 6/16
  6197 | D:6      | Reached skill level 5 in Spellcasting
  6203 | D:6      | Reached skill level 6 in Ice Magic
  6383 | D:6      | You pick up a book of the Moon and begin reading...
  6383 | D:6      | You add the spells Passage of Golubria, Silence and
                  | Lehudib's Crystal Spear to your library.
  6487 | D:6      | Found a runed translucent gate.
  6488 | D:6      | Found a runed translucent gate.
  6489 | D:6      | Found a runed translucent gate.
  6490 | D:6      | Noticed vineage's ghost (novice OgFi)
  6595 | D:6      | Found an opulent altar of Gozag.
  6802 | D:7      | Reached skill level 6 in Unarmed Combat
  6887 | D:7      | Reached skill level 8 in Transmutations
  7173 | D:7      | Found a large runed translucent door.
  7292 | D:7      | Reached skill level 2 in Dodging
  7425 | D:7      | Found a large runed translucent door.
  7611 | D:8      | Noticed a two-headed ogre
  7616 | D:8      | Paralysed by a hornet for 2 turns
  7618 | D:8      | HP: 8/76 [two-headed ogre/+0 giant spiked club (20)]
  7620 | D:8      | Slain by a hornet

Vanquished Creatures
  A wyvern (D:7)
  Pargi (Sewer)
  An orc warrior (D:6)
  A black bear (D:5)
  An ice beast (D:5)
  A sky beast (D:7)
  A centaur (D:7)
  3 ogres
  A phantom (D:5)
  A bullfrog (D:6)
  2 necrophages
  8 scorpions
  6 wights (D:6)
  A howler monkey (D:6)
  8 hounds
  3 jellies
  2 gnoll boudas
  7 iguanas
  An orc wizard (D:3)
  27 gnolls
  4 adders
  A shadow imp (D:6)
  A white imp (D:5)
  An ufetubus (D:5)
  3 worms
  3 dart slugs
  13 orcs
  8 endoplasms
  5 giant cockroaches
  9 hobgoblins
  14 jackals
  5 kobolds
  3 quokkas
  10 ball pythons
  13 bats
  8 frilled lizards
  2 goblins
  3 rats
183 creatures vanquished.

Vanquished Creatures (others)
  A plant (D:1)
1 creature vanquished.

Grand Total: 184 creatures vanquished

Table legend:
 A = Non-vault XP
 B = Vault XP
 C = Vault XP percentage of total XP
 D = Non-vault monster count
 E = Vault monster count
 F = Vault count percentage of total count
                 A         B        C        D         E       F
            +---------+---------+-------+---------+---------+-------
      Total |    2841 |    1551 |  35.3 |     151 |      32 |  17.5
            +---------+---------+-------+---------+---------+-------
        D:1 |      43 |       0 |   0.0 |      25 |       0 |   0.0
        D:2 |     144 |       1 |   0.7 |      25 |       1 |   3.8
        D:3 |     239 |       6 |   2.4 |      36 |       3 |   7.7
        D:4 |     320 |      13 |   3.9 |      17 |       1 |   5.6
        D:5 |     578 |     694 |  54.6 |      20 |      10 |  33.3
        D:6 |     770 |     690 |  47.3 |      17 |      11 |  39.3
        D:7 |     747 |       0 |   0.0 |      11 |       0 |   0.0
      Sewer |       0 |     147 | 100.0 |       0 |       6 | 100.0
            +---------+---------+-------+---------+---------+-------

Illustrated notes

Table legend:
 A = Kills in this place as a percentage of kills in entire the game.
 B = Kills by you in this place as a percentage of kills by you in the entire game.
 C = Kills by friends in this place as a percentage of kills by friends in the entire game.
 D = Other kills in this place as a percentage of other kills in the entire game.
 E = Experience gained in this place as a percentage of experience gained in the entire game.
 F = Experience gained in this place divided by the number of levels of this place that you have seen.
                   A       B       C       D       E      F
               +-------+-------+-------+-------+-------+----------------------
         Total | 100.0 | 100.0 |   N/A |   N/A | 100.0 | 439.2
       Dungeon |  96.7 |  96.7 |   N/A |   N/A |  96.7 | 530.6
         Sewer |   3.3 |   3.3 |   N/A |   N/A |   3.3 | 147.0
               +-------+-------+-------+-------+-------+----------------------

Table legend: (Time is in decaauts)
 A = Elapsed time spent in this place.
 B = Non-inter-level travel time spent in this place.
 C = Inter-level travel time spent in this place.
 D = Time resting spent in this place.
 E = Time spent auto-exploring this place.
 F = Levels seen in this place.
 G = Mean time per level.
                   A        B        C        D        E       F      G
               +--------+--------+--------+--------+--------+-----+--------+
         Total |   7635 |   7345 |    290 |    353 |   5507 |  10 |  763.5 |
       Dungeon |   7203 |   6919 |    284 |    249 |   5293 |   8 |  900.4 |
        Temple |     70 |     65 |      5 |      0 |     57 |   1 |   70.0 |
         Sewer |    361 |    361 |      0 |    104 |    157 |   1 |  361.0 |
               +--------+--------+--------+--------+--------+-----+--------+

Top non-repeatable levels by time:
     D:5: 1302 daAuts
     D:4: 1129 daAuts
     D:2: 1077 daAuts
     D:3: 1075 daAuts
     D:6: 929 daAuts
     D:7: 925 daAuts
     D:1: 754 daAuts
   Sewer: 361 daAuts
  Temple: 70 daAuts
     D:8: 9 daAuts
